 Dungeon Crawl Stone Soup version 0.15-b1-129-g6fffc38 (webtiles) character file.

67 JacquesDerrida the Firebug (level 4, 21/34 HPs)
             Began as a Demonspawn Wanderer on Aug 27, 2014.
             Quit the game on Level 2 of the Dungeon.
             The game lasted 00:05:04 (627 turns).

JacquesDerrida the Firebug (Demonspawn Wanderer)     Turns: 627, Time: 00:05:04

HP  21/34        AC 13     Str 12      XL: 4   Next:  0%
MP   7/7         EV  2     Int 13      God:
Gold 97          SH  2     Dex 14      Spells:  0 memorised,  7 levels left

rFire  + . .     SeeInvis .     m - +0 spear
rCold  . . .     Clarity  .     i - +0 plate armour {rF+}
rNeg   . . .     rCorr    .     (no shield)
rPois  .         rRot     .     (helmet restricted)
rElec  .         Spirit   .     (no cloak)
SustAb .         Warding  .     (no gloves)
rMut   .         Stasis   .     r - +0 pair of boots
Gourm  .                        (no amulet)
MR     .....                    (no ring)
                                (no ring)

@: not resistant to hostile enchantments, extremely unstealthy
A: horns 2, large bone plates 1
a: no special abilities


You were on level 2 of the Dungeon.
You were not hungry.

You visited 1 branch of the dungeon, and saw 2 of its levels.

You collected 97 gold pieces.

Inventory:

Hand weapons
 d - a +0 dagger
 m - a +0 spear (weapon)
Armour
 b - a +0 ring mail
 i - a +0 plate armour of fire resistance (worn)
 r - a +0 pair of boots (worn)
Comestibles
 f - 3 bread rations
 n - a chunk of adder flesh
 p - 4 fruits
 q - a beef jerky
Scrolls
 h - a scroll of remove curse {unknown}
 j - a scroll of identify {unknown}
 l - a scroll of amnesia {unknown}
 o - a scroll of blinking {unknown}
Potions
 c - a potion of lignification
 e - a potion of flight {unknown}
 g - a potion of invisibility {unknown}
 k - 2 potions of mutation {unknown}
Books
 a - a book of Flames

   Spells                             Type                      Level
   Flame Tongue                       Conjuration/Fire             1
   Throw Flame                        Conjuration/Fire             2
   Conjure Flame                      Conjuration/Fire             3
   Inner Flame                        Hexes/Fire                   3
   Sticky Flame                       Conjuration/Fire             4
   Fireball                           Conjuration/Fire             5


   Skills:
 - Level 2.3 Fighting
 + Level 1.3 Polearms
   Level 1.0 Bows
 - Level 1.0 Throwing
 - Level 1.7 Armour
 - Level 1.0 Stealth
 - Level 1.5 Unarmed Combat
 - Level 2.0 Spellcasting
   Level 2.6 Fire Magic


You had 7 spell levels left.
You didn't know any spells.

Dungeon Overview and Level Annotations

Branches:
Dungeon (2/15)

Altars:
Kikubaaqudgha


Innate Abilities, Weirdness & Mutations

You have a pair of horns on your head.
You are partially covered in large bone plates (AC +2, SH +2).


Message History

Found a beef jerky.
p - 4 fruits
q - a beef jerky
Found a pair of boots.
You see here a pair of boots.
r - a pair of boots Read which item? (? for menu, Esc to quit)
Okay, then.
Unknown command.
Wear which item? (? for menu, Esc to quit)
You start putting on your armour.
You continue putting on your pair of boots. x4
You finish putting on your +0 pair of boots.
Saving game... please wait.
Welcome back, JacquesDerrida the Demonspawn Wanderer.
Press ? for a list of commands and other information.
Unknown command.
Are you sure you want to abandon this character and quit the game? (Confirm with "yes".)
Okay, then.
Are you sure you want to abandon this character and quit the game? (Confirm with "yes".) ######################### ........@................ #########################

There were no monsters in sight!

Vanquished Creatures
  3 gnolls
  An adder (D:2)
  A worm (D:2)
  2 giant geckos
  2 bats
  A giant cockroach (D:2)
  3 hobgoblins
  A ball python (D:2)
  A giant newt (D:1)
  3 goblins
  4 kobolds
  A rat (D:1)
23 creatures vanquished.

Notes
Turn   | Place    | Note
--------------------------------------------------------------
     0 | D:1      | JacquesDerrida, the Demonspawn Wanderer, began the quest for the Orb.
     0 | D:1      | Reached XP level 1. HP: 13/13 MP: 3/3
   116 | D:1      | Reached skill level 1 in Unarmed Combat
   193 | D:1      | Gained mutation: You have a pair of small horns on your head. [demonic ancestry]
   193 | D:1      | Reached XP level 2. HP: 14/19 MP: 4/4
   330 | D:2      | Found an ancient bone altar of Kikubaaqudgha.
   354 | D:1      | Reached skill level 1 in Fighting
   371 | D:2      | Gained mutation: You have a pair of horns on your head. [demonic ancestry]
   371 | D:2      | Reached XP level 3. HP: 14/27 MP: 6/6
   484 | D:2      | Reached skill level 1 in Polearms
   558 | D:2      | Gained mutation: You are partially covered in large bone plates (AC +2, SH +2). [demonic ancestry]
   558 | D:2      | Reached XP level 4. HP: 14/34 MP: 7/7
   627 | D:2      | Quit the game

Action                   |  1- 3 |  4- 6 || total
-------------------------+-------+-------++-------
Melee: Dagger            |    61 |       ||    61
       Spear             |    40 |       ||    40
